| TOP OF THE 1ST |
|
Detroit Tigers batting - Pitching for Minnesota Twins : RHP Isaac Slack
|
|
Pitching: RHP Isaac Slack
|
|
|
Batting: RHB Greg Harman
|
0-0: Ball 1-0: Foul Ball, location: 2F 1-1: Ball 2-1: Ball 3-1: Base on Balls
|
|
Batting: LHB Morgan Black
|
0-0: Called Strike Greg Harman steals 2nd base 0-1: Ground out 4-3 (Groundball, 4, EV 86.3 MPH) Greg Harman to third
|
|
Batting: LHB Tyler Davis
|
0-0: Ball 1-0: Ball 2-0: Called Strike 2-1: SINGLE (Groundball, 13S, EV 68.8 MPH) (infield hit)
|
|
Batting: LHB Brad Turner
|
0-0: Called Strike 0-1: Ball 1-1: Grounds into double play, 6-4-3 (Groundball, 6, EV 97.5 MPH)
|
| Top of the 1st over - 0 runs, 1 hit, 0 errors, 1 left on base; Detroit 0 - Minnesota 0 |
| BOTTOM OF THE 1ST |
|
Minnesota Twins batting - Pitching for Detroit Tigers : RHP Constantino Chamisso
|
|
Pitching: RHP Constantino Chamisso
|
|
|
Batting: RHB Jared McClernon
|
0-0: Called Strike 0-1: Ball 1-1: Ball 2-1: Ground out 6-3 (Groundball, 6, EV 95.0 MPH)
|
|
Batting: LHB Sadamu Noguchi
|
0-0: Ball 1-0: Ball 2-0: Ball 3-0: Swinging Strike 3-1: Foul Ball, location: 2F 3-2: Strikes out looking
|
|
Batting: LHB Kevin Bellman
|
0-0: Ball 1-0: Ground out U3 (Groundball, 3L, EV 95.6 MPH)
|
| Bottom of the 1st over - 0 runs, 0 hits, 0 errors, 0 left on base; Detroit 0 - Minnesota 0 |
| TOP OF THE 2ND |
|
Detroit Tigers batting - Pitching for Minnesota Twins : RHP Isaac Slack
|
|
Batting: RHB Ryan Neal
|
0-0: Fly out, F7 (Flyball, 7LD, EV 102.5 MPH)
|
|
Batting: RHB Victor Quinones
|
0-0: Ball 1-0: Foul Ball, location: 2F 1-1: SOLO HOME RUN (Flyball, 89XD, EV 101.9 MPH) (Inside the Park)
|
|
Batting: RHB Luke Feeney
|
0-0: Ball 1-0: Called Strike 1-1: Ball 2-1: Swinging Strike 2-2: Fly out, F9 (Flyball, 9D, EV 93.1 MPH)
|
|
Batting: RHB Adrian Novakovic
|
0-0: Ball 1-0: Ball 2-0: Ball 3-0: Called Strike 3-1: Swinging Strike 3-2: Foul Ball, location: 2F 3-2: Foul Ball, location: 2F 3-2: Base on Balls
|
|
Batting: RHB Danny Eberhart
|
0-0: Called Strike 0-1: Ball 1-1: Ball 2-1: Fly out, F4 (Popup, 34, EV 59.4 MPH)
|
| Top of the 2nd over - 1 run, 1 hit, 0 errors, 1 left on base; Detroit 1 - Minnesota 0 |
| BOTTOM OF THE 2ND |
|
Minnesota Twins batting - Pitching for Detroit Tigers : RHP Constantino Chamisso
|
|
Batting: LHB Joel Kunkler
|
0-0: Called Strike 0-1: Ball 1-1: Called Strike 1-2: SINGLE (Groundball, 4D, EV 95.0 MPH)
|
|
Batting: RHB José Molina
|
0-0: Ball 1-0: Swinging Strike 1-1: Ball 2-1: Foul Ball, location: 2F 2-2: Foul Ball, location: 2F 2-2: SINGLE (Groundball, 25, EV 70.6 MPH) (infield hit) Joel Kunkler to second
|
|
Batting: RHB Väinö Tapaninen
|
0-0: Fly out, F6 (Popup, 6M, EV 58.1 MPH)
|
|
Batting: SHB Buster Hyman
|
0-0: Ball 1-0: Swinging Strike 1-1: Called Strike 1-2: Foul Ball, location: 2F 1-2: Strikes out swinging
|
|
Batting: RHB Josh Zoglmann
|
0-0: Fly out, F8 (Flyball, 8LD, EV 99.4 MPH)
|
| Bottom of the 2nd over - 0 runs, 2 hits, 0 errors, 2 left on base; Detroit 1 - Minnesota 0 |
| TOP OF THE 3RD |
|
Detroit Tigers batting - Pitching for Minnesota Twins : RHP Isaac Slack
|
|
Batting: RHB Greg Harman
|
0-0: Fly out, F8 (Flyball, 8RXD, EV 99.4 MPH)
|
|
Batting: LHB Morgan Black
|
0-0: Ball 1-0: Called Strike 1-1: Ball 2-1: Fly out, F3 (Line Drive, 3, EV 71.3 MPH)
|
|
Batting: LHB Tyler Davis
|
0-0: Swinging Strike 0-1: Called Strike 0-2: Strikes out swinging
|
| Top of the 3rd over - 0 runs, 0 hits, 0 errors, 0 left on base; Detroit 1 - Minnesota 0 |
| BOTTOM OF THE 3RD |
|
Minnesota Twins batting - Pitching for Detroit Tigers : RHP Constantino Chamisso
|
|
Batting: RHB Brett Steele
|
0-0: Foul Ball, location: 2F 0-1: Called Strike 0-2: Foul Ball, location: 2F 0-2: Ground out 5-3 (Groundball, 6S, EV 58.1 MPH)
|
|
Batting: RHB Jared McClernon
|
0-0: Ball 1-0: Ball 2-0: Swinging Strike 2-1: Ball 3-1: Ground out 6-3 (Groundball, 6, EV 83.8 MPH)
|
|
Batting: LHB Sadamu Noguchi
|
0-0: Ball 1-0: Ball 2-0: Ball 3-0: Fly out, F8 (Flyball, 8LXD, EV 89.4 MPH)
|
| Bottom of the 3rd over - 0 runs, 0 hits, 0 errors, 0 left on base; Detroit 1 - Minnesota 0 |
| TOP OF THE 4TH |
|
Detroit Tigers batting - Pitching for Minnesota Twins : RHP Isaac Slack
|
|
Batting: LHB Brad Turner
|
0-0: Ball 1-0: Ball 2-0: Ball 3-0: Base on Balls
|
|
Batting: RHB Ryan Neal
|
0-0: Fly out, F9 (Flyball, 89M, EV 88.1 MPH)
|
|
Batting: RHB Victor Quinones
|
0-0: Ball 1-0: Fly out, F9 (Flyball, 8RS, EV 91.9 MPH)
|
|
Batting: RHB Luke Feeney
|
0-0: Ball 1-0: Ball 2-0: Called Strike 2-1: Ball 3-1: Called Strike 3-2: Foul Ball, location: 2F 3-2: Fly out, F9 (Flyball, 9, EV 92.5 MPH)
|
| Top of the 4th over - 0 runs, 0 hits, 0 errors, 1 left on base; Detroit 1 - Minnesota 0 |
| BOTTOM OF THE 4TH |
|
Minnesota Twins batting - Pitching for Detroit Tigers : RHP Constantino Chamisso
|
|
Batting: LHB Kevin Bellman
|
0-0: Foul Ball, location: 2F 0-1: Ball 1-1: Swinging Strike 1-2: Strikes out swinging
|
|
Batting: LHB Joel Kunkler
|
0-0: Foul Ball, location: 2F 0-1: SOLO HOME RUN (Flyball, 9LD, EV 97.5 MPH), Distance : 372 ft
|
|
Batting: RHB José Molina
|
0-0: SINGLE (Groundball, 6MD, EV 103.8 MPH)
|
|
Batting: RHB Väinö Tapaninen
|
0-0: Ball José Molina steals 2nd base 1-0: Ball 2-0: Ground out 6-3 (Groundball, 6, EV 80.0 MPH) José Molina to third
|
|
Batting: SHB Buster Hyman
|
0-0: Called Strike 0-1: Called Strike 0-2: Strikes out looking
|
| Bottom of the 4th over - 1 run, 2 hits, 0 errors, 1 left on base; Detroit 1 - Minnesota 1 |
| TOP OF THE 5TH |
|
Detroit Tigers batting - Pitching for Minnesota Twins : RHP Isaac Slack
|
|
Batting: RHB Adrian Novakovic
|
0-0: Fly out, F9 (Line Drive, 9, EV 88.1 MPH)
|
|
Batting: RHB Danny Eberhart
|
0-0: Ball 1-0: Swinging Strike 1-1: Foul Ball, location: 2F 1-2: Ball 2-2: SINGLE (Groundball, 56D, EV 100.6 MPH) (infield hit)
|
|
Batting: RHB Greg Harman
|
0-0: Ball 1-0: Ball 2-0: Called Strike 2-1: Foul Ball, location: 2F 2-2: Foul Ball, location: 2F 2-2: Fly out, F8 (Flyball, 89D, EV 105.6 MPH)
|
|
Batting: LHB Morgan Black
|
0-0: Foul Ball, location: 2F 0-1: Ball 1-1: Swinging Strike 1-2: Ball 2-2: Strikes out swinging
|
| Top of the 5th over - 0 runs, 1 hit, 0 errors, 1 left on base; Detroit 1 - Minnesota 1 |
| BOTTOM OF THE 5TH |
|
Minnesota Twins batting - Pitching for Detroit Tigers : RHP Constantino Chamisso
|
|
Batting: RHB Josh Zoglmann
|
0-0: Ball 1-0: Called Strike 1-1: Ground out 1-3 (Groundball, 13S, EV 64.4 MPH)
|
|
Batting: RHB Brett Steele
|
0-0: Ground out 5-3 (Groundball, 56S, EV 87.5 MPH)
|
|
Batting: RHB Jared McClernon
|
0-0: Called Strike 0-1: Ball 1-1: Ball 2-1: Called Strike 2-2: Foul Ball, location: 2F 2-2: Ball 3-2: Strikes out looking
|
| Bottom of the 5th over - 0 runs, 0 hits, 0 errors, 0 left on base; Detroit 1 - Minnesota 1 |
| TOP OF THE 6TH |
|
Detroit Tigers batting - Pitching for Minnesota Twins : RHP Isaac Slack
|
|
Batting: LHB Tyler Davis
|
0-0: Fly out, F7 (Flyball, 78M, EV 90.6 MPH)
|
|
Pitching: RHP Oscar Zuniga
|
|
|
Batting: LHB Brad Turner
|
0-0: Foul Ball, location: 2F 0-1: Foul Ball, location: 2F 0-2: Ball 1-2: Foul Ball, location: 2F 1-2: SINGLE (Groundball, 34D, EV 100.6 MPH)
|
|
Batting: RHB Ryan Neal
|
0-0: Called Strike 0-1: Grounds into double play, 4-6-3 (Groundball, 4, EV 83.1 MPH)
|
| Top of the 6th over - 0 runs, 1 hit, 0 errors, 0 left on base; Detroit 1 - Minnesota 1 |
| BOTTOM OF THE 6TH |
|
Minnesota Twins batting - Pitching for Detroit Tigers : RHP Constantino Chamisso
|
|
Batting: LHB Sadamu Noguchi
|
0-0: Ball 1-0: Called Strike 1-1: Ball 2-1: Called Strike 2-2: Ground out 6-3 (Groundball, 6MS, EV 85.6 MPH)
|
|
Batting: LHB Kevin Bellman
|
0-0: Ball 1-0: Ball 2-0: Called Strike 2-1: SINGLE (Groundball, 56, EV 98.8 MPH)
|
|
Batting: LHB Joel Kunkler
|
0-0: Called Strike 0-1: Ball 1-1: Called Strike 1-2: Ball Kevin Bellman steals 2nd base 2-2: Ball 3-2: Base on Balls
|
|
Batting: RHB José Molina
|
0-0: Foul Ball, location: 2F 0-1: Called Strike 0-2: Ball 1-2: Strikes out swinging
|
|
Batting: RHB Väinö Tapaninen
|
0-0: Foul Ball, location: 2F 0-1: Ball Wild Pitch! Kevin Bellman to third Joel Kunkler to second 1-1: Ground out 5-3 (Groundball, 56, EV 98.8 MPH)
|
| Bottom of the 6th over - 0 runs, 1 hit, 0 errors, 2 left on base; Detroit 1 - Minnesota 1 |
| TOP OF THE 7TH |
|
Detroit Tigers batting - Pitching for Minnesota Twins : RHP Oscar Zuniga
|
|
Pitching: RHP Travis Feind
|
|
|
Batting: RHB Victor Quinones
|
0-0: Ball 1-0: Ball 2-0: Ground out 4-3 (Groundball, 4, EV 104.4 MPH)
|
|
Batting: RHB Luke Feeney
|
0-0: Called Strike 0-1: Fly out, F9 (Line Drive, 9D, EV 96.3 MPH)
|
|
Batting: RHB Adrian Novakovic
|
0-0: Ball 1-0: Called Strike 1-1: Called Strike 1-2: Foul Ball, location: 2F 1-2: Strikes out looking
|
| Top of the 7th over - 0 runs, 0 hits, 0 errors, 0 left on base; Detroit 1 - Minnesota 1 |
| BOTTOM OF THE 7TH |
|
Minnesota Twins batting - Pitching for Detroit Tigers : RHP Constantino Chamisso
|
|
Batting: SHB Buster Hyman
|
0-0: Ball 1-0: Ball 2-0: Ball 3-0: Base on Balls
|
|
Batting: RHB Josh Zoglmann
|
0-0: Ball 1-0: Swinging Strike 1-1: Ball 2-1: Fly out, F8 (Flyball, 8LD, EV 104.4 MPH)
|
|
Batting: RHB Brett Steele
|
0-0: DOUBLE (Line Drive, 7LM, EV 109.4 MPH) Buster Hyman to third Runner from 3rd tries for Home, throw by LF and OUT! 7-6-2
|
|
Batting: RHB Jared McClernon
|
0-0: Ground out 6-3 (Groundball, 6, EV 83.1 MPH)
|
| Bottom of the 7th over - 0 runs, 1 hit, 0 errors, 1 left on base; Detroit 1 - Minnesota 1 |
| TOP OF THE 8TH |
|
Detroit Tigers batting - Pitching for Minnesota Twins : RHP Travis Feind
|
|
Pinch Hitting: LHB Emmanuel Gaskin
|
0-0: Ball 1-0: Called Strike 1-1: Swinging Strike 1-2: SINGLE (Groundball, 4MD, EV 105.6 MPH)
|
|
Batting: RHB Greg Harman
|
0-0: Ball 1-0: Sac Bunt to 13 - play at second, runner OUT! 1-6
|
|
Batting: LHB Morgan Black
|
0-0: Ball Greg Harman is caught stealing 2nd base 2-6 1-0: Called Strike 1-1: SINGLE (Flyball, 5D, EV 92.5 MPH)
|
|
Batting: LHB Tyler Davis
|
0-0: Called Strike Morgan Black steals 2nd base 0-1: Ball 1-1: Fly out, F9 (Line Drive, 9D, EV 105.0 MPH)
|
| Top of the 8th over - 0 runs, 2 hits, 0 errors, 1 left on base; Detroit 1 - Minnesota 1 |
| BOTTOM OF THE 8TH |
|
Minnesota Twins batting - Pitching for Detroit Tigers : RHP Constantino Chamisso
|
|
Now at 2B: Dave Reynolds
|
|
|
Batting: LHB Sadamu Noguchi
|
0-0: Ball 1-0: Swinging Strike 1-1: Ball 2-1: Ground out U3 (Groundball, 34, EV 100.0 MPH)
|
|
Batting: LHB Kevin Bellman
|
0-0: SINGLE (Line Drive, 5D, EV 94.4 MPH)
|
|
Pitching: RHP Bryce Cleavinger
|
|
|
Batting: LHB Joel Kunkler
|
0-0: Called Strike 0-1: Ball 1-1: Ball 2-1: Called Strike 2-2: SINGLE (Groundball, 4MD, EV 103.8 MPH) Kevin Bellman to second
|
|
Batting: RHB José Molina
|
0-0: Ball Kevin Bellman steals 3rd, throwing error, E2 Kevin Bellman scores Joel Kunkler to third 1-0: Swinging Strike 1-1: Ball 2-1: Fly out, F8 (Flyball, 89S, EV 88.8 MPH)
|
|
Batting: RHB Väinö Tapaninen
|
0-0: Foul Ball, location: 2F 0-1: Called Strike 0-2: Ball 1-2: Strikes out swinging
|
| Bottom of the 8th over - 1 run, 2 hits, 1 error, 1 left on base; Detroit 1 - Minnesota 2 |
| TOP OF THE 9TH |
|
Detroit Tigers batting - Pitching for Minnesota Twins : RHP Travis Feind
|
|
Pitching: RHP Mario Arce
|
|
|
Batting: LHB Brad Turner
|
0-0: Ball 1-0: Ground out 5-3 (Groundball, 6, EV 79.4 MPH)
|
|
Batting: RHB Ryan Neal
|
0-0: Ball 1-0: Called Strike 1-1: Swinging Strike 1-2: Strikes out swinging
|
|
Batting: RHB Victor Quinones
|
0-0: Ground out 4-3 (Groundball, 4, EV 104.4 MPH)
|
| Top of the 9th over - 0 runs, 0 hits, 0 errors, 0 left on base; Detroit 1 - Minnesota 2 |
|